 Dungeon Crawl Stone Soup version 0.21-a0-634-gaf8bc5d (webtiles) character file.

29502 shenanigans the Fighter (level 13, 0/103 HPs)
             Began as a Barachi Skald on Dec 30, 2017.
             Was a High Priest of Cheibriados.
             Slain by a blink frog (8 damage)
             ... on level 6 of the Lair of Beasts.
             The game lasted 00:58:20 (18985 turns).

shenanigans the Fighter (Barachi Skald)            Turns: 18985, Time: 00:58:21

Health: 0/103      AC: 17    Str: 26    XL:     13   Next: 45%
Magic:  25/25      EV: 19    Int: 32    God:    Cheibriados [*****.]
Gold:   899        SH: 14    Dex: 27    Spells: 15/28 levels left

rFire    . . .     SeeInvis .   P - +8 demon blade "Bloodbane" {slice, *Rage +Rage Stlth-}
rCold    . . .     Gourm    .   W - +0 shield
rNeg     . . .     Faith    .   C - +3 chain mail
rPois    .         Spirit   .   n - +0 helmet
rElec    .         Reflect  .   (no cloak)
rCorr    +         Harm     .   (no gloves)
MR       .....     Rnd*Rage +   s - +0 pair of boots
Stlth    ..........             (no amulet)
HPRegen  0.27/turn              L - +3 ring of evasion
MPRegen  0.19/turn              I - ring of resist corrosion

@: lethally poisoned (0 -> -2), very slow
A: +LOS, swims, slowness 1, strong legs 2
a: Hop, Bend Time, Temporal Distortion, Slouch, Step From Time, Renounce
Religion, Evoke Berserk Rage


You were on level 6 of the Lair of Beasts.
You worshipped Cheibriados.
Cheibriados was extremely pleased with you.
You were not hungry.

You visited 3 branches of the dungeon, and saw 18 of its levels.

You collected 1061 gold pieces.
You spent 162 gold pieces at shops.

Inventory:

Hand Weapons
 a - a +1 hand axe
 g - a +2 dagger of venom
 q - a +0 dagger of electrocution
 N - the +2 great sword of Zegua {venom, MR++}
   (You found it on level 7 of the Dungeon)

   It poisons the flesh of those it strikes.
   It affects your resistance to hostile enchantments.
 P - the +8 demon blade "Bloodbane" (weapon) {slice, *Rage +Rage Stlth-}
   (You found it on level 7 of the Dungeon)

   It inflicts extra damage upon your enemies.
   It lets you go berserk.
   It may make you go berserk in combat.
   It makes you less stealthy.
Missiles
 D - 5 silver tomahawks
 V - a poisoned tomahawk (quivered)
Armour
 n - a +0 helmet (worn)
 s - a +0 pair of boots (worn)
 C - a +3 chain mail (worn)
 W - a +0 shield (worn)
Jewellery
 A - an uncursed ring of protection from magic
 H - an uncursed ring of positive energy
 I - a ring of resist corrosion (right hand)
 L - a +3 ring of evasion (left hand)
 S - an uncursed ring of see invisible
Wands
 l - a wand of iceblast (3)
 o - a wand of flame (29)
 t - a wand of polymorph (29)
 w - a wand of acid (8)
 z - a wand of digging (9)
 U - a wand of paralysis (49)
 X - a wand of enslavement (12)
 Y - a wand of disintegration (13)
Scrolls
 f - 9 scrolls of teleportation
 i - a scroll of identify
 j - a scroll of enchant weapon
 m - 6 scrolls of remove curse
 p - 2 scrolls of fear
 x - 3 scrolls of enchant armour
 y - 2 scrolls of magic mapping
 E - 5 scrolls of amnesia
 Q - a scroll of silence
 R - a scroll of brand weapon
 T - 2 scrolls of fog
Potions
 b - 2 potions of magic
 e - 4 potions of flight
 h - 3 potions of brilliance
 k - a potion of agility
 r - 7 potions of curing
 u - 4 potions of invisibility
 B - a potion of cancellation
 F - a potion of ambrosia
 J - 3 potions of haste
 K - 2 potions of berserk rage
 M - a potion of mutation
Books
 c - a book of Minor Magic

   Spells                             Type                      Level
   a - Magic Dart                     Conjuration                  1
   b - Blink                          Translocation                2
   c - Call Imp                       Summoning                    2
   d - Slow                           Hexes                        2
   e - Conjure Flame                  Conjuration/Fire             3
   f - Mephitic Cloud                 Conjuration/Poison/Air       3
Comestibles
 d - 36 rations
 v - a chunk of flesh


   Skills:
 + Level 9.9 Fighting
 + Level 9.2 Axes
 + Level 9.5 Armour
 + Level 9.1 Dodging
 + Level 9.5 Shields
 + Level 8.3 Spellcasting
 + Level 4.3 Conjurations
 - Level 3.2 Charms
 + Level 4.2 Fire Magic
 + Level 6.9 Ice Magic
 + Level 6.7 Invocations


You had 15 spell levels left.
You knew the following spells:

 Your Spells              Type           Power        Failure   Level  Hunger
a - Infusion              Chrm           ####         10%         1    None
b - Song of Slaying       Chrm           ####....     14%         2    None
c - Metabolic Englaciati  Hex/Ice        #####.....   94%         5    ####...
d - Blink                 Tloc           N/A          47%         2    None
e - Conjure Flame         Conj/Fire      #####...     19%         3    None


Dungeon Overview and Level Annotations

Branches:
Dungeon (11/15)            Temple (1/1) D:5            Lair (6/6) D:10
 Shoals (0/4) Lair:3       Spider (0/4) Lair:2        Slime (0/5) Lair:5
    Orc: D:9-12

Altars:
Ashenzari
Cheibriados
Dithmenos
Elyvilon
Fedhas
Gozag
Hepliaklqana
Kikubaaqudgha
Makhleb
Nemelex Xobeh
Okawaru
Qazlal
Ru
Sif Muna
Trog
Uskayaw
Xom
Yredelemnul
Zin
The Shining One
Jiyva

Shops:
D:5 ?   D:10 }

Annotations:
D:4 shenanigans's ghost, amateur BaSk
D:5 aubilenon's ghost, novice HOFi
Lair:5 exclusion: 4 oklob plants


Innate Abilities, Weirdness & Mutations

Shadows flee at your approach. (+LOS)
You can swim through water.
You cover ground slowly.
You can hop long distances.


Message History

The blink frog is heavily wounded.
You feel sick. The blink frog barely misses you.
You block the blink frog's attack.
You miss the blink frog.
The blink frog is heavily wounded.
You feel sick. You block the blink frog's attack.
The blink frog blinks!
You start resting.
You feel sick. x3
You hit the blink frog.
The blink frog is severely wounded.
You feel sick. The blink frog misses you.
The blink frog hits you but does no damage.
You closely miss the blink frog.
The blink frog is severely wounded.
You feel sick. You block the blink frog's attack. The blink frog misses you.
You hit the blink frog.
The blink frog is severely wounded.
The blink frog blinks!
You start resting.
You feel sick. x3
The blink frog hits you!
You die...

...................#### #...#.
......§............##.###...P.
........÷F.........#..#.......
.................†#..........#
........<÷.............#.##.##
##.#.....##....##..††##### ##
####..##.#.†#####.# ########F#
### #@## ###


You could see a blink frog.

Vanquished Creatures
  Rupert (Lair:5)
  A hydra (Lair:3)
  3 two-headed ogres
  A death yak (Lair:3)
  An ugly thing (D:10)
  A centaur zombie (D:11)
  3 elephants
  2 black mambas
  Psyche (D:8)
  17 spiny frogs
  2 rime drakes
  6 komodo dragons
  2 trolls
  A polar bear (Lair:5)
  14 blink frogs
  5 hippogriffs
  19 yaks
  A basilisk (Lair:5)
  A wyvern (Lair:5)
  A steam dragon (D:9)
  Grum (D:8)
  A vampire mosquito (Lair:6)
  2 hell hounds (D:10)
  5 water moccasins
  5 porcupines
  4 orc warriors
  A phantom (D:11)
  3 black bears
  A hornet zombie (D:9)
  A necrophage (D:7)
  An eye of draining (D:9)
  3 ogres
  6 centaurs
  9 wolves
  6 crocodiles
  16 bullfrogs
  A gnoll sergeant (D:8)
  A water moccasin skeleton (D:7)
  2 scorpions
  3 killer bees (D:10)
  4 howler monkeys
  2 electric eels (Lair:3)
  8 crimson imps
  A bullfrog zombie (D:7)
  7 hounds
  2 jellies
  4 orc priests
  A gnoll shaman (D:4)
  2 centaur skeletons (D:7)
  Terence (D:3)
  An iguana (D:9)
  7 orc wizards
  8 worker ants
  A killer bee zombie (D:7)
  A hound skeleton (D:10)
  A howler monkey zombie (D:6)
  8 gnolls
  A howler monkey skeleton (D:7)
  6 adders
  4 shadow imps
  2 oozes (D:2)
  An adder zombie (D:6)
  5 worms
  5 dart slugs
  9 leopard geckos
  30 orcs
  A ball python (D:2)
  3 giant cockroaches
  3 goblins (D:2)
  11 hobgoblins
  24 jackals
  3 quokkas
  9 bats
  3 frilled lizards
  A jackal skeleton (D:6)
  12 kobolds
  11 rats
  A plant (Lair:5)
359 creatures vanquished.

Vanquished Creatures (others)
  10 fungi
  38 plants
48 creatures vanquished.

Grand Total: 407 creatures vanquished

Notes
Turn   | Place    | Note
-------+----------+-------------------------------------------
     0 | D:1      | shenanigans the Barachi Skald began the quest for the Orb.
     0 | D:1      | Reached XP level 1. HP: 17/17 MP: 3/3
   102 | D:1      | Reached XP level 2. HP: 20/23 MP: 5/5
   845 | D:1      | Reached XP level 3. HP: 27/28 MP: 6/6
  1536 | D:2      | Reached XP level 4. HP: 35/35 MP: 8/8
  2247 | D:2      | Found an iron altar of Okawaru.
  2247 | D:2      | Found a blossoming altar of Fedhas.
  2247 | D:2      | Found a glowing golden altar of the Shining One.
  2257 | D:2      | Found a stormy altar of Qazlal.
  2518 | D:3      | Noticed Terence
  2532 | D:3      | Killed Terence
  2573 | D:3      | Reached XP level 5. HP: 41/41 MP: 9/9
  3074 | D:3      | Reached XP level 6. HP: 40/48 MP: 10/10
  4303 | D:4      | Found a hide-covered altar of Uskayaw.
  4328 | D:4      | Noticed shenanigans's ghost (amateur BaSk)
  4831 | D:5      | Entered Level 5 of the Dungeon
  4848 | D:5      | Found a staircase to the Ecumenical Temple.
  4916 | D:4      | Reached skill level 1 in Shields
  5001 | D:5      | Reached XP level 7. HP: 34/54 MP: 12/12
  5033 | Temple   | Entered the Ecumenical Temple
  5057 | Temple   | Became a worshipper of Cheibriados the Contemplative
  5661 | D:5      | Reached skill level 1 in Invocations
  5816 | D:5      | Found Uwoehosyant's Magic Scroll Boutique.
  5826 | D:5      | Bought a scroll of blinking for 90 gold pieces
  5826 | D:5      | Bought a scroll of identify for 24 gold pieces
  5826 | D:5      | Bought a scroll of identify for 24 gold pieces
  5826 | D:5      | Bought a scroll of identify for 24 gold pieces
  5881 | D:5      | Noticed aubilenon's ghost (novice HOFi)
  6408 | D:6      | Reached XP level 8. HP: 56/61 MP: 14/14
  6727 | D:6      | Found a shattered altar of Ashenzari.
  6807 | D:6      | Reached * piety under Cheibriados
  6848 | D:6      | Reached skill level 5 in Fighting
  7529 | D:7      | Reached skill level 5 in Axes
  7555 | D:7      | Reached skill level 5 in Armour
  7637 | D:7      | Reached ** piety under Cheibriados
  7745 | D:7      | Reached skill level 5 in Dodging
  7751 | D:7      | Got a scorched great sword
  7763 | D:7      | Identified the +2 great sword of Zegua {venom, MR++} (You found it on level 7 of the Dungeon)
  7807 | D:7      | Reached XP level 9. HP: 60/68 MP: 16/16
  7871 | D:7      | Found the +8 demon blade "Bloodbane" {slice, *Rage +Rage Stlth-}
  7900 | D:7      | Reached skill level 5 in Shields
  8326 | D:7      | Reached skill level 5 in Spellcasting
  8641 | D:8      | Reached *** piety under Cheibriados
  8781 | D:8      | Found a shadowy altar of Dithmenos.
  8813 | D:8      | Noticed Grum
  8823 | D:8      | Killed Grum
  8850 | D:8      | Noticed Psyche
  8855 | D:8      | Killed Psyche
  9220 | D:9      | Learned a level 2 spell: Song of Slaying
  9259 | D:9      | Reached XP level 10. HP: 62/76 MP: 18/18
  9323 | D:9      | Noticed a two-headed ogre
  9331 | D:9      | Killed a two-headed ogre
  9422 | D:9      | Found a glowing silver altar of Zin.
  9653 | D:9      | Learned a level 5 spell: Metabolic Englaciation
  9708 | D:9      | Noticed a two-headed ogre
  9716 | D:9      | Killed a two-headed ogre
  9716 | D:9      | Reached skill level 1 in Ice Magic
  9901 | D:9      | Reached **** piety under Cheibriados
 10267 | D:10     | Entered Level 10 of the Dungeon
 10319 | D:10     | Found Zamachio's Gadget Boutique.
 10556 | D:10     | Found a staircase to the Lair.
 10847 | D:10     | Reached XP level 11. HP: 53/84 MP: 20/20
 11237 | D:10     | Noticed a red ugly thing
 11249 | D:10     | Killed a red ugly thing
 11682 | D:11     | Found a labyrinth entrance.
 11691 | D:11     | Reached ***** piety under Cheibriados
 11702 | D:11     | Reached skill level 5 in Invocations
 12321 | D:11     | Noticed a two-headed ogre
 12326 | D:11     | Killed a two-headed ogre
 12594 | Lair:1   | Entered Level 1 of the Lair of Beasts
 13246 | Lair:1   | Learned a level 2 spell: Blink
 13250 | Lair:1   | Learned a level 3 spell: Conjure Flame
 13880 | Lair:2   | Reached XP level 12. HP: 69/94 MP: 22/22
 14022 | Lair:2   | Reached skill level 1 in Conjurations
 14033 | Lair:2   | Reached skill level 1 in Fire Magic
 14033 | Lair:2   | Reached skill level 5 in Ice Magic
 14455 | Lair:2   | Found a hole to the Spider Nest.
 15450 | Lair:3   | Noticed a death yak
 15460 | Lair:3   | Killed a death yak
 15546 | Lair:3   | Found a staircase to the Shoals.
 15548 | Lair:3   | Noticed an eight-headed hydra
 15552 | Lair:3   | Killed a ten-headed hydra
 16420 | Lair:4   | Noticed Rupert
 16697 | Lair:4   | Found the +3 crown of Dyrovepreva {rElec Int+2 SInv}
 16765 | Lair:4   | You fall through a shaft!
 17148 | Lair:5   | Found a staircase to the Slime Pits.
 17148 | Lair:5   | Found a viscous altar of Jiyva.
 17250 | Lair:5   | Gained mutation: You can hop long distances. [Barachi growth]
 17250 | Lair:5   | Reached XP level 13. HP: 66/101 MP: 23/25
 17790 | Lair:5   | Paralysed by Rupert for 3 turns
 17802 | Lair:5   | Killed Rupert
 18582 | Lair:6   | Entered Level 6 of the Lair of Beasts
 18985 | Lair:6   | Slain by a blink frog

Vault maps used:
D:1:      matt_arrival_debris, minivault_24, minmay_tromino_v4_a
D:2:      chequers_temple_overflow_statue_of_worship
D:3:      minmay_misc_feat_room, uniq_terence
D:4:      eat_drink_and_be_merry_uskayaw, first_ration
D:5:      minmay_temple_entry_junction, serial_shops, shop
D:6:      ashenzari_altar_1
D:7:      cheibrodos_iron_armory
D:8:      kennysheep_little_box, nicolae_overflow_hidden_temple, serial_glass,
          glass_columns_b, glass_columns_b, uniq_grum, uniq_psyche
D:9:      overflow_temple_1_default, grunt_ogre_cave, serial_park_tiny_pond
D:10:     minmay_lair_entry_lava, serial_shops, kennysheep_mini
D:11:     lab_entry_generic, nicolae_wwwww
Temple:   nicolae_temple_no_exploring_needed
Lair:2:   nicolae_spider_entry_tight_spaces
Lair:3:   elwin_shoals_entry_rocks, nzn_random_ring, serial_bayou_shore_a,
          lemuel_fruit_fields, lemuel_fruit_fields, serial_bayou_shore_b
Lair:4:   lemuel_fruit_tree, uniq_rupert
Lair:5:   slime_altar_1, forest_entry_grove, minmay_lair_oklob_chamber
Lair:6:   minmay_lair_end_frog_pond

Skill      XL: |  1  2  3  4  5  6  7  8  9 10 11 12 13 |
---------------+----------------------------------------+-----
Armour         | 2 3 4 5 6 7 8 9 |  9.5
Fighting       | 3 4 5 6 7 8 9 |  9.9
Dodging        | 3 4 5 6 7 8 9 |  9.1
Axes           | 3 4 5 6 7 8 9 |  9.2
Spellcasting   | 3 4 5 6 7 8 |  8.3
Shields        | 1 3 4 6 7 8 9 |  9.5
Invocations    | 1 2 3 4 5 6 |  6.7
Ice Magic      | 2 4 6 |  6.9
Conjurations   | 3 4 |  4.3
Fire Magic     | 3 4 |  4.2
Charms         | |  3.2

Action                   |  1- 3 |  4- 6 |  7- 9 | 10-12 | 13-15 || total
-------------------------+-------+-------+-------+-------+-------++-------
Melee: Hand axe          |    52 |       |       |       |       ||    52
       Dagger            |    71 |   349 |   341 |       |       ||   761
       Great sword       |       |       |    38 |       |       ||    38
       Demon blade       |       |       |    49 |   408 |   105 ||   562
Throw: Tomahawk          |       |       |    10 |    25 |       ||    35
 Cast: Infusion          |     1 |     1 |       |       |       ||     2
Invok: Slouch            |       |       |       |     2 |       ||     2
 Abil: Hop               |       |       |     3 |     3 |     3 ||     9
Evoke: Wand              |       |       |     2 |     2 |    10 ||    14
  Use: Scroll            |     3 |     1 |     8 |    20 |     2 ||    34
       Potion            |     2 |     1 |     1 |     6 |     3 ||    13
  Eat: Ration            |     1 |       |     1 |       |       ||     2
       Chunk             |       |    12 |     8 |    15 |     3 ||    38
Armor: Leather armour    |    22 |       |       |       |       ||    22
       Ring mail         |    13 |   120 |       |       |       ||   133
       Chain mail        |       |    40 |   239 |   189 |    30 ||   498
       Skin              |       |       |     1 |     5 |       ||     6
Dodge: Dodged            |    85 |   173 |   176 |   272 |    84 ||   790
Block: Buckler           |       |    13 |    87 |       |       ||   100
       Shield            |       |       |    11 |   386 |    99 ||   496
       Rpst.: Great sword |       |       |    13 |       |       ||    13
       Demon blade       |       |       |     8 |    73 |    27 ||   108

Table legend:
 A = Spawn XP
 B = Non-spawn XP
 C = Spawn XP percentage of total XP
 D = Spawn monster count
 E = Non-spawn monster count
 F = Spawn count percentage of total count
 G = Total turns spent on level
                    A         B        C        D         E        F      G
               +---------+---------+-------+---------+---------+-------+---------
         Total |       0 |   42146 |   0.0 |       0 |     358 |   0.0 | 18985
               +---------+---------+-------+---------+---------+-------+---------
           D:1 |       0 |      38 |   0.0 |       0 |      23 |   0.0 |  1053
           D:2 |       0 |     113 |   0.0 |       0 |      28 |   0.0 |  1814
           D:3 |       0 |     293 |   0.0 |       0 |      40 |   0.0 |  1195
           D:4 |       0 |      69 |   0.0 |       0 |       7 |   0.0 |  1074
           D:5 |       0 |     530 |   0.0 |       0 |      27 |   0.0 |   800
           D:6 |       0 |     572 |   0.0 |       0 |      14 |   0.0 |  1269
           D:7 |       0 |    1340 |   0.0 |       0 |      33 |   0.0 |  1157
           D:8 |       0 |     996 |   0.0 |       0 |       9 |   0.0 |   446
           D:9 |       0 |    3360 |   0.0 |       0 |      21 |   0.0 |  1229
          D:10 |       0 |    4018 |   0.0 |       0 |      26 |   0.0 |  1784
          D:11 |       0 |    3030 |   0.0 |       0 |      29 |   0.0 |   543
        Temple |       0 |      65 |   0.0 |       0 |       2 |   0.0 |   230
        Lair:1 |       0 |    2758 |   0.0 |       0 |      14 |   0.0 |   944
        Lair:2 |       0 |    4325 |   0.0 |       0 |      17 |   0.0 |  1166
        Lair:3 |       0 |    5401 |   0.0 |       0 |      16 |   0.0 |  1470
        Lair:4 |       0 |    2193 |   0.0 |       0 |       8 |   0.0 |   748
        Lair:5 |       0 |    8490 |   0.0 |       0 |      28 |   0.0 |  1824
        Lair:6 |       0 |    4555 |   0.0 |       0 |      16 |   0.0 |   239
               +---------+---------+-------+---------+---------+-------+---------
